| TOP OF THE 1ST |
|
Atlanta Braves batting - Pitching for San Francisco Giants : LHP Floyd Bannister
|
|
Pitching: LHP Floyd Bannister
|
|
|
Batting: LHB Brett Butler
|
0-0: Foul Ball, location: 2F 0-1: Ground out 4-3 (Groundball, 4, EV 90.0 MPH)
|
|
Batting: LHB Mike Hargrove
|
0-0: Ball 1-0: Swinging Strike 1-1: Fly out, F9 (Line Drive, 9, EV 93.1 MPH)
|
|
Batting: SHB Tony Fernandez
|
0-0: Swinging Strike 0-1: Called Strike 0-2: Strikes out swinging
|
| Top of the 1st over - 0 runs, 0 hits, 0 errors, 0 left on base; Atlanta 0 - San Francisco 0 |
| BOTTOM OF THE 1ST |
|
San Francisco Giants batting - Pitching for Atlanta Braves : LHP Danny Jaster
|
|
Pitching: LHP Danny Jaster
|
|
|
Batting: SHB Kevin Bass
|
0-0: Foul Ball, location: 2F 0-1: Ground out 2-3 (Groundball, 15S, EV 66.9 MPH)
|
|
Batting: RHB Kevin Howard
|
0-0: Ball 1-0: Foul Ball, location: 2F 1-1: Ball 2-1: Ground out 2-3 (Groundball, 2L, EV 69.4 MPH)
|
|
Batting: LHB Keith Hernandez
|
0-0: Ball 1-0: Called Strike 1-1: Foul Ball, location: 2F 1-2: Fly out, F9 (Flyball, 9S, EV 79.4 MPH)
|
| Bottom of the 1st over - 0 runs, 0 hits, 0 errors, 0 left on base; Atlanta 0 - San Francisco 0 |
| TOP OF THE 2ND |
|
Atlanta Braves batting - Pitching for San Francisco Giants : LHP Floyd Bannister
|
|
Batting: LHB Leon Durham
|
0-0: Called Strike 0-1: Ground out 6-3 (Groundball, 56, EV 81.9 MPH)
|
|
Batting: RHB Craig Kusick
|
0-0: Foul Ball, location: 2F 0-1: Ball 1-1: Foul Ball, location: 2F 1-2: Foul Ball, location: 2F 1-2: Strikes out looking
|
|
Batting: LHB Joe L Morgan
|
0-0: Ball 1-0: Foul Ball, location: 2F 1-1: Foul Ball, location: 2F 1-2: Ball 2-2: Foul Ball, location: 2F 2-2: SINGLE (Line Drive, 9S, EV 106.3 MPH)
|
|
Batting: RHB Adam Suman
|
0-0: Ground out 5-3 (Groundball, 56S, EV 86.9 MPH)
|
| Top of the 2nd over - 0 runs, 1 hit, 0 errors, 1 left on base; Atlanta 0 - San Francisco 0 |
| BOTTOM OF THE 2ND |
|
San Francisco Giants batting - Pitching for Atlanta Braves : LHP Danny Jaster
|
|
Batting: RHB Phil Bailey
|
0-0: Ball 1-0: Called Strike 1-1: Swinging Strike 1-2: Strikes out looking
|
|
Batting: RHB Don Slaught
|
0-0: Ground out 5-3 (Groundball, 5S, EV 80.0 MPH)
|
|
Batting: SHB Tyler O'Dell
|
0-0: Foul Ball, location: 2F 0-1: Ball 1-1: SINGLE (Line Drive, 56, EV 96.9 MPH)
|
|
Batting: RHB Billy L Smith
|
0-0: Ball 1-0: Ball 2-0: Called Strike 2-1: Foul Ball, location: 2F 2-2: Ball 3-2: Base on Balls Tyler O'Dell to second
|
|
Batting: LHB Doug Frobel
|
0-0: Ball 1-0: Foul Ball, location: 2F 1-1: Foul Ball, location: 2F 1-2: Ball 2-2: Ball 3-2: Foul Ball, location: 2F 3-2: Strikes out looking
|
| Bottom of the 2nd over - 0 runs, 1 hit, 0 errors, 2 left on base; Atlanta 0 - San Francisco 0 |
| TOP OF THE 3RD |
|
Atlanta Braves batting - Pitching for San Francisco Giants : LHP Floyd Bannister
|
|
Batting: RHB Tom Veryzer
|
0-0: Foul Ball, location: 2F 0-1: Ball 1-1: Ball 2-1: Ball 3-1: Fly out, F7 (Flyball, 7LD, EV 96.9 MPH)
|
|
Batting: LHB Danny Jaster
|
0-0: Called Strike 0-1: Called Strike 0-2: Ball 1-2: Strikes out swinging
|
|
Batting: LHB Brett Butler
|
0-0: Ball 1-0: Foul Ball, location: 2F 1-1: Foul Ball, location: 2F 1-2: Foul Ball, location: 2F 1-2: Ball 2-2: Foul Ball, location: 2F 2-2: Ball 3-2: Foul Ball, location: 2F 3-2: Strikes out looking
|
| Top of the 3rd over - 0 runs, 0 hits, 0 errors, 0 left on base; Atlanta 0 - San Francisco 0 |
| BOTTOM OF THE 3RD |
|
San Francisco Giants batting - Pitching for Atlanta Braves : LHP Danny Jaster
|
|
Batting: LHB Floyd Bannister
|
0-0: Ground out 3-1 (Groundball, 34, EV 98.8 MPH)
|
|
Batting: SHB Kevin Bass
|
0-0: Called Strike 0-1: Ball 1-1: Swinging Strike 1-2: Hit by Pitch
|
|
Batting: RHB Kevin Howard
|
0-0: Fly out, F7 (Flyball, 78D, EV 108.1 MPH)
|
|
Batting: LHB Keith Hernandez
|
0-0: Ball Kevin Bass steals 2nd base 1-0: Ball 2-0: Ground out U3 (Groundball, 3L, EV 98.8 MPH)
|
| Bottom of the 3rd over - 0 runs, 0 hits, 0 errors, 1 left on base; Atlanta 0 - San Francisco 0 |
| TOP OF THE 4TH |
|
Atlanta Braves batting - Pitching for San Francisco Giants : LHP Floyd Bannister
|
|
Batting: LHB Mike Hargrove
|
0-0: Swinging Strike 0-1: Foul Ball, location: 2F 0-2: Ball 1-2: Ball 2-2: Ground out 4-3 (Groundball, 4, EV 84.4 MPH)
|
|
Batting: SHB Tony Fernandez
|
0-0: Foul Ball, location: 2F 0-1: Foul Ball, location: 2F 0-2: Ball 1-2: Ball 2-2: Ball 3-2: DOUBLE (Line Drive, 3D, EV 99.4 MPH)
|
|
Batting: LHB Leon Durham
|
0-0: Ball 1-0: Called Strike 1-1: SINGLE (Groundball, 25, EV 71.3 MPH) (infield hit) Tony Fernandez to third
|
|
Batting: RHB Craig Kusick
|
0-0: Called Strike 0-1: Ball 1-1: Called Strike 1-2: Foul Ball, location: 2F 1-2: Ball Leon Durham steals 2nd base 2-2: Ball 3-2: Foul Ball, location: 2F 3-2: Foul Ball, location: 2F 3-2: DOUBLE (Flyball, 89XD, EV 104.4 MPH) Tony Fernandez scores Leon Durham scores
|
|
Batting: LHB Joe L Morgan
|
0-0: Called Strike 0-1: Foul Ball, location: 2F 0-2: Foul Ball, location: 2F 0-2: Ball 1-2: Ball 2-2: Ball 3-2: Foul Ball, location: 2F 3-2: Foul Ball, location: 2F 3-2: Foul Ball, location: 2F 3-2: Fly out, F2 (Popup, 2R, EV 88.1 MPH)
|
|
Batting: RHB Adam Suman
|
0-0: Foul Ball, location: 2F 0-1: Ball 1-1: Foul Ball, location: 2F 1-2: Foul Ball, location: 2F 1-2: Ball 2-2: Fly out, F9 (Flyball, 89D, EV 105.6 MPH)
|
| Top of the 4th over - 2 runs, 3 hits, 0 errors, 1 left on base; Atlanta 2 - San Francisco 0 |
| BOTTOM OF THE 4TH |
|
San Francisco Giants batting - Pitching for Atlanta Braves : LHP Danny Jaster
|
|
Batting: RHB Phil Bailey
|
0-0: Called Strike 0-1: Foul Ball, location: 2F 0-2: Reached on error, E5 (Groundball, 56S, EV 85.0 MPH)
|
|
Batting: RHB Don Slaught
|
0-0: Fly out, F7 (Flyball, 7, EV 90.6 MPH)
|
|
Batting: SHB Tyler O'Dell
|
0-0: Ball 1-0: Ball 2-0: Swinging Strike 2-1: Ball 3-1: SINGLE (Groundball, 5S, EV 73.8 MPH) (infield hit) Phil Bailey to second
|
|
Batting: RHB Billy L Smith
|
0-0: Called Strike 0-1: Swinging Strike 0-2: Fly out, F3 (Popup, 3SF, EV 76.9 MPH)
|
|
Batting: LHB Doug Frobel
|
0-0: Ball 1-0: Swinging Strike 1-1: Ground out 3-1 (Groundball, 34, EV 86.3 MPH)
|
| Bottom of the 4th over - 0 runs, 1 hit, 1 error, 2 left on base; Atlanta 2 - San Francisco 0 |
| TOP OF THE 5TH |
|
Atlanta Braves batting - Pitching for San Francisco Giants : LHP Floyd Bannister
|
|
Batting: RHB Tom Veryzer
|
0-0: Ball 1-0: Ball 2-0: Called Strike 2-1: SINGLE (Groundball, 6MS, EV 80.0 MPH) (infield hit)
|
|
Batting: LHB Danny Jaster
|
0-0: Ball 1-0: Called Strike 1-1: Bunted foul 1-2: Sac Bunt to 15S - play at first, batter OUT! 1-4 Tom Veryzer to second
|
|
Batting: LHB Brett Butler
|
0-0: Called Strike 0-1: Ball 1-1: Foul Ball, location: 2F 1-2: Ball 2-2: Ball 3-2: Foul Ball, location: 2F 3-2: Foul Ball, location: 2F 3-2: Foul Ball, location: 2F 3-2: Foul Ball, location: 2F 3-2: Ground out 4-3 (Groundball, 4, EV 76.9 MPH) Tom Veryzer to third
|
|
Batting: LHB Mike Hargrove
|
0-0: Ball 1-0: Fly out, F5 (Popup, 15, EV 84.4 MPH)
|
| Top of the 5th over - 0 runs, 1 hit, 0 errors, 1 left on base; Atlanta 2 - San Francisco 0 |
| BOTTOM OF THE 5TH |
|
San Francisco Giants batting - Pitching for Atlanta Braves : LHP Danny Jaster
|
|
Batting: LHB Floyd Bannister
|
0-0: Foul Ball, location: 2F 0-1: Foul Ball, location: 2F 0-2: SINGLE (Groundball, 34D, EV 98.1 MPH)
|
|
Batting: SHB Kevin Bass
|
0-0: Fly out, F8 (Flyball, 78D, EV 90.6 MPH)
|
|
Batting: RHB Kevin Howard
|
0-0: Called Strike 0-1: Ball 1-1: Ball 2-1: Fly out, F8 (Flyball, 8LM, EV 84.4 MPH)
|
|
Batting: LHB Keith Hernandez
|
0-0: DOUBLE (Line Drive, 9LS, EV 88.1 MPH) Floyd Bannister to third Runner from 3rd tries for Home, throw by RF and OUT! 9-4-2
|
| Bottom of the 5th over - 0 runs, 2 hits, 0 errors, 1 left on base; Atlanta 2 - San Francisco 0 |
| TOP OF THE 6TH |
|
Atlanta Braves batting - Pitching for San Francisco Giants : LHP Floyd Bannister
|
|
Batting: SHB Tony Fernandez
|
0-0: Ball 1-0: Fly out, F8 (Flyball, 8LD, EV 100.6 MPH)
|
|
Batting: LHB Leon Durham
|
0-0: Ball 1-0: Fly out, F8 (Flyball, 78M, EV 76.3 MPH)
|
|
Batting: RHB Craig Kusick
|
0-0: Called Strike 0-1: Foul Ball, location: 2F 0-2: Ball 1-2: Foul Ball, location: 2F 1-2: Foul Ball, location: 2F 1-2: Ball 2-2: Foul Ball, location: 2F 2-2: Ground out 2-3 (Groundball, 15S, EV 62.5 MPH)
|
| Top of the 6th over - 0 runs, 0 hits, 0 errors, 0 left on base; Atlanta 2 - San Francisco 0 |
| BOTTOM OF THE 6TH |
|
San Francisco Giants batting - Pitching for Atlanta Braves : LHP Danny Jaster
|
|
Batting: RHB Phil Bailey
|
0-0: Called Strike 0-1: Foul Ball, location: 2F 0-2: Ball 1-2: Foul Ball, location: 2F 1-2: Fly out, F8 (Flyball, 8LXD, EV 110.6 MPH)
|
|
Batting: RHB Don Slaught
|
0-0: Ball 1-0: Called Strike 1-1: Ball 2-1: Swinging Strike 2-2: Ground out 5-3 (Groundball, 56, EV 77.5 MPH)
|
|
Batting: SHB Tyler O'Dell
|
0-0: Ball 1-0: Ball 2-0: Ball 3-0: Called Strike 3-1: Foul Ball, location: 2F 3-2: Foul Ball, location: 2F 3-2: SINGLE (Line Drive, 34D, EV 95.0 MPH)
|
|
Batting: RHB Billy L Smith
|
0-0: Called Strike 0-1: Ball 1-1: Ball 2-1: SINGLE (Groundball, 6MD, EV 95.6 MPH) Tyler O'Dell to second Runner from 2nd tries for 3rd, SAFE, no throw by CF
|
|
Batting: LHB Doug Frobel
|
0-0: Called Strike 0-1: Ball 1-1: Called Strike 1-2: Fly out, F9 (Flyball, 9D, EV 106.9 MPH)
|
| Bottom of the 6th over - 0 runs, 2 hits, 0 errors, 2 left on base; Atlanta 2 - San Francisco 0 |
| TOP OF THE 7TH |
|
Atlanta Braves batting - Pitching for San Francisco Giants : LHP Floyd Bannister
|
|
Batting: LHB Joe L Morgan
|
0-0: Ball 1-0: Called Strike 1-1: Ball 2-1: Foul Ball, location: 2F 2-2: Foul Ball, location: 2F 2-2: Foul Ball, location: 2F 2-2: Strikes out looking
|
|
Pitching: RHP Dave Ford
|
|
|
Batting: RHB Adam Suman
|
0-0: Foul Ball, location: 2F 0-1: Ball 1-1: Ground out 5-3 (Groundball, 5L, EV 105.0 MPH)
|
|
Batting: RHB Tom Veryzer
|
0-0: Ball 1-0: Called Strike 1-1: Called Strike 1-2: Ball 2-2: Foul Ball, location: 2F 2-2: Ball 3-2: Ground out 6-3 (Groundball, 6, EV 91.3 MPH)
|
| Top of the 7th over - 0 runs, 0 hits, 0 errors, 0 left on base; Atlanta 2 - San Francisco 0 |
| BOTTOM OF THE 7TH |
|
San Francisco Giants batting - Pitching for Atlanta Braves : LHP Danny Jaster
|
|
Pinch Hitting: RHB Dickie Thon
|
0-0: Ball 1-0: Ball 2-0: Swinging Strike 2-1: Called Strike 2-2: Strikes out swinging
|
|
Batting: SHB Kevin Bass
|
0-0: Ball 1-0: Called Strike 1-1: Ball 2-1: Ball 3-1: DOUBLE (Line Drive, 3D, EV 97.5 MPH)
|
|
Batting: RHB Kevin Howard
|
0-0: Ball Kevin Bass steals 3rd, throwing error, E2 Kevin Bass scores 1-0: Foul Ball, location: 2F 1-1: Swinging Strike 1-2: Ball 2-2: Strikes out swinging
|
|
Pitching: RHP Charlie Lea
|
|
|
Now at 3B: UL Washington
|
|
|
Batting: LHB Keith Hernandez
|
0-0: Fly out, F6 (Flyball, 56D, EV 93.1 MPH)
|
| Bottom of the 7th over - 1 run, 1 hit, 1 error, 0 left on base; Atlanta 2 - San Francisco 1 |
| TOP OF THE 8TH |
|
Atlanta Braves batting - Pitching for San Francisco Giants : RHP Dave Ford
|
|
Pitching: RHP Dan O'Brien
|
|
|
Batting: SHB UL Washington
|
0-0: Called Strike 0-1: Ground out U3 (Groundball, 3S, EV 70.6 MPH)
|
|
Batting: LHB Brett Butler
|
0-0: Ball 1-0: Fly out, F7 (Flyball, 7D, EV 102.5 MPH)
|
|
Batting: LHB Mike Hargrove
|
0-0: Ball 1-0: Called Strike 1-1: Ball 2-1: Ground out 4-3 (Groundball, 34, EV 89.4 MPH)
|
| Top of the 8th over - 0 runs, 0 hits, 0 errors, 0 left on base; Atlanta 2 - San Francisco 1 |
| BOTTOM OF THE 8TH |
|
San Francisco Giants batting - Pitching for Atlanta Braves : RHP Charlie Lea
|
|
Batting: RHB Phil Bailey
|
0-0: DOUBLE (Flyball, 89XD, EV 98.8 MPH)
|
|
Batting: RHB Don Slaught
|
0-0: Swinging Strike 0-1: Ball 1-1: Ball 2-1: SINGLE (Flyball, 9S, EV 97.5 MPH) Phil Bailey to third Runner from 3rd tries for Home, SAFE, throw by RF to home
|
|
Batting: SHB Tyler O'Dell
|
0-0: Ball Don Slaught is caught stealing 2nd base 2-6 1-0: Called Strike 1-1: Swinging Strike 1-2: Strikes out looking
|
|
Batting: RHB Billy L Smith
|
0-0: Called Strike 0-1: DOUBLE (Line Drive, 89D, EV 105.0 MPH)
|
|
Batting: LHB Doug Frobel
|
0-0: Swinging Strike 0-1: Swinging Strike 0-2: Ball 1-2: Strikes out swinging
|
| Bottom of the 8th over - 1 run, 3 hits, 0 errors, 1 left on base; Atlanta 2 - San Francisco 2 |
| TOP OF THE 9TH |
|
Atlanta Braves batting - Pitching for San Francisco Giants : RHP Dan O'Brien
|
|
Batting: SHB Tony Fernandez
|
0-0: Foul Ball, location: 2F 0-1: Ball 1-1: SINGLE (Line Drive, 78S, EV 104.4 MPH)
|
|
Batting: LHB Leon Durham
|
0-0: Called Strike 0-1: Ball Tony Fernandez steals 2nd base (no throw) 1-1: Intentional Walk
|
|
Batting: RHB Craig Kusick
|
0-0: Ball 1-0: Called Strike 1-1: Called Strike 1-2: Foul Ball, location: 2F 1-2: Strikes out swinging
|
|
Batting: LHB Joe L Morgan
|
0-0: Ball 1-0: Ball 2-0: Ball 3-0: Base on Balls Tony Fernandez to third Leon Durham to second
|
|
Pinch Hitting: LHB Bobby Murcer
|
0-0: Fly out, F8 (Flyball, 89M, EV 84.4 MPH) Runner from 3rd tags up, SCORES, no throw by CF
|
|
Batting: RHB Charlie Lea
|
0-0: Foul Ball, location: 2F 0-1: Ball 1-1: Ball 2-1: Called Strike 2-2: Foul Ball, location: 2F 2-2: Hit by Pitch Leon Durham to third Joe L Morgan to second
|
|
Batting: SHB UL Washington
|
0-0: Ball 1-0: Fly out, F9 (Flyball, 9, EV 96.3 MPH)
|
| Top of the 9th over - 1 run, 1 hit, 0 errors, 3 left on base; Atlanta 3 - San Francisco 2 |
| BOTTOM OF THE 9TH |
|
San Francisco Giants batting - Pitching for Atlanta Braves : RHP Charlie Lea
|
|
Now at C: Mike Scioscia
|
|
|
Now at 3B: Gil Flores
|
|
|
Pinch Hitting: LHB Kevin Christensen
|
0-0: Ball 1-0: Called Strike 1-1: Foul Ball, location: 2F 1-2: Ground out 6-3 (Groundball, 56S, EV 89.4 MPH)
|
|
Batting: SHB Kevin Bass
|
0-0: Called Strike 0-1: Ball 1-1: Ball 2-1: Called Strike 2-2: Ground out 4-3 (Groundball, 4, EV 100.0 MPH)
|
|
Batting: RHB Kevin Howard
|
0-0: Ball 1-0: Ball 2-0: Ground out 6-3 (Groundball, 6, EV 105.0 MPH)
|
| Bottom of the 9th over - 0 runs, 0 hits, 0 errors, 0 left on base; Atlanta 3 - San Francisco 2 |
|